 Dungeon Crawl Stone Soup version 0.29-a0-334-gb41bcbb86e (webtiles) character file.

Game seed: 17360500935445295772

44 Jortsu the Covered (level 3, -2/23 HPs)
             Began as a Gargoyle Fighter on Apr 14, 2022.
             Slain by a gnoll
             ... wielding a +0 spear
              (8 damage)
             ... on level 2 of the Dungeon.
             The game lasted 00:01:21 (1771 turns).

Jortsu the Covered (Gargoyle Fighter)               Turns: 1771, Time: 00:01:21

Health: -2/23      AC: 12    Str: 21    XL:     3   Next: 60%
Magic:  3/3        EV:  9    Int:  8    God:
Gold:   75         SH:  4    Dex:  9    Spells: 2/2 levels left

rFire   . . .      SeeInvis .   a - +0 flail
rCold   . . .      Faith    .   c - +0 buckler
rNeg    + + .      Spirit   .   g - +2 scale mail {rN+}
rPois   ∞          Reflect  .   (no helmet)
rElec   +          Harm     .   (no cloak)
rCorr   .          Rampage  .   (no gloves)
Will    .....                   (no boots)
Stlth   ..........              (no amulet)
HPRegen 0.07/turn               (no ring)
MPRegen 0.08/turn               (no ring)

@: no status effects
A: sickness immunity, AC +3, negative energy resistance 1, electricity
resistance, torment resistance 1, petrification resistance
a: no special abilities


You were on level 2 of the Dungeon.
You visited 1 branch of the dungeon, and saw 2 of its levels.

You collected 75 gold pieces.

Inventory:

Hand Weapons
 a - a +0 flail (weapon)
Armour
 c - a +0 buckler (worn)
 g - a +2 scale mail of positive energy (worn)
Scrolls
 e - a scroll of fear {unknown}
 h - 2 scrolls of identify
Potions
 b - a potion of invisibility
 d - a potion of might
 f - a potion of attraction {unknown}


   Skills:
 + Level 3.5 Fighting
 + Level 2.3 Maces & Flails
 + Level 3.8 Armour
 + Level 0.7 Dodging
 + Level 3.7 Shields


You had 2 spell levels left.
You didn't know any spells.
Your spell library contained the following spells:

 Spells                   Type           Power      Damage    Failure   Level
 Slow                     Hex            0%         N/A       83%         1
 Summon Small Mammal      Summ           0%         N/A       83%         1
 Call Canine Familiar     Summ           0%         N/A       99%         3
 Confusing Touch          Hex            0%         N/A       99%         3
 Summon Guardian Golem    Hex/Summ       0%         N/A       99%         3
 Vampiric Draining        Necr           0%         2d6       99%         3


Dungeon Overview and Level Annotations

Branches:
Dungeon (2/15)

Altars:


Innate Abilities, Weirdness & Mutations

You are immune to sickness and miasma.
Your stone body is resilient. (AC +3)
You are immune to poison.
You resist negative energy. (rN+)
You are resistant to electric shocks. (rElec)
You are resistant to unholy torment.
You are immune to petrification.


Message History

The dart slug launches a dart at you.
The slug dart hits you but does no damage.
A dart slug is nearby!
You see here a scroll of identify.
h - a scroll of identify
Found a scroll of identify.
You hit the dart slug but do no damage.
The dart slug bites you but does no damage.
You hit the dart slug but do no damage.
The dart slug bites you but does no damage.
You thump the dart slug!
You kill the dart slug!
You see here a dart slug corpse.
You now have 75 gold pieces (gained 7).
h - 2 scrolls of identify (gained 1)
Found a hunting sling.
Found a stone staircase leading down. 3 gnolls come into view.
A gnoll is wielding a +2 spear of freezing.
The gnoll shouts! x3
The gnoll hits you from afar with a +2 spear of freezing.
The gnoll freezes you.
A gnoll comes into view. It is wielding a +0 spear.
The gnoll hits you but does no damage.
You closely miss the gnoll. The gnoll hits you but does no damage.
The gnoll barely misses you.
The gnoll hits you with a +2 spear of freezing.
The gnoll freezes you. The gnoll hits you but does no damage.
You thump the gnoll!
The gnoll is heavily wounded.
The gnoll hits you from afar with a +0 spear.
The gnoll hits you but does no damage.
You sock the gnoll!
You kill the gnoll!
The gnoll hits you but does no damage. The gnoll barely misses you.
The gnoll closely misses you.
You see here a +2 spear of freezing.
You hit the gnoll but do no damage. The gnoll hits you with a +0 spear.
* * * LOW HITPOINT WARNING * * *
The gnoll hits you from afar with a +0 spear!
You die...

#.# #.#
#.# #.#
#.# #.#
#.#
#######.#
#ggg@...#
#.#######


You could see 3 gnolls.

Vanquished Creatures
  A gnoll (D:2)
  A worm (D:2)
  2 dart slugs (D:2)
  4 endoplasms (D:1)
  A goblin (D:1)
  2 hobgoblins (D:1)
  3 jackals (D:2)
  6 kobolds
  2 quokkas
  2 ball pythons (D:1)
24 creatures vanquished.

Notes
Turn   | Place    | Note
-------+----------+-------------------------------------------
     0 | D:1      | Jortsu the Gargoyle Fighter began the quest for the Orb.
     0 | D:1      | Reached XP level 1. HP: 14/14 MP: 1/1
   374 | D:1      | Reached XP level 2. HP: 19/19 MP: 2/2
  1534 | D:2      | Reached XP level 3. HP: 22/23 MP: 3/3
  1771 | D:2      | Slain by a gnoll

Illustrated notes

Levels and vault maps discovered:
D:1:      psy_arrival_radial01, layout_loops_corners
D:2:      layout_loops_ring

Action                   || total
-------------------------++-------
Melee: Flail             ||    97
  Use: Scroll            ||     2
Armor: Scale mail        ||    57
Dodge: Dodged            ||    40
Block: Buckler           ||    20

Table legend: (Time is in decaauts)
 A = Elapsed time spent in this place.
 B = Non-inter-level travel time spent in this place.
 C = Inter-level travel time spent in this place.
 D = Time resting spent in this place.
 E = Time spent auto-exploring this place.
 F = Levels seen in this place.
 G = Mean time per level.
                   A        B        C        D        E       F      G
               +--------+--------+--------+--------+--------+-----+--------+
         Total |   1803 |   1787 |     16 |      0 |   1520 |   2 |  901.5 |
       Dungeon |   1803 |   1787 |     16 |      0 |   1520 |   2 |  901.5 |
               +--------+--------+--------+--------+--------+-----+--------+

Top non-repeatable levels by time:
     D:1: 1346 daAuts
     D:2: 456 daAuts
